 Dungeon Sprint DCSS version 0.19.1-1-g22dce08 (webtiles) character file.

11342 dvd the Stickfighter (level 11, -11/97 HPs)
             Began as a Minotaur Gladiator on Jan 3, 2017.
             Was a High Priest of Okawaru.
             Mangled by Duvessa
             ... wielding a +2 great sword of freezing
              (12 damage)
             ... in the Dungeon (Sprint III: "The Ten Rune Challenge").
             The game lasted 00:15:31 (3528 turns).

dvd the Stickfighter (Minotaur Gladiator)           Turns: 3528, Time: 00:15:32

Health: -11/97     AC: 18    Str: 21    XL:     11   Next: 48%
Magic:  10/15      EV: 18    Int:  6    God:    Okawaru [*****.]
Gold:   2852       SH:  0    Dex: 12    Spells: 1 memorised, 14 levels left

rFire  + . .     SeeInvis .     b - +0 mace (protect)
rCold  . . .     Gourm    .     e - +1 ring mail {rF+}
rNeg   . . .     Faith    .     (no shield)
rPois  +         Spirit   .     c - +0 hat
rElec  .         Reflect  .     (no cloak)
rCorr  .         Harm     .     v - +2 pair of gloves
MR     +....     NoTele   +     (no boots)
Stlth  +++.......               (no amulet)
                                (no ring)
                                (no ring)

@: finesse, protection aura
A: retaliatory headbutt, beak, horns 2, frail 1, magic resistance 1, poison
resistance
a: Heroism, Finesse, Renounce Religion


You were in the Dungeon.
You worshipped Okawaru.
Okawaru was extremely pleased with you.
You were hungry.

You visited 1 branch You collected 2852 gold pieces.

Inventory:

Hand Weapons
 a - a +0 quarterstaff
 b - a +0 mace of protection (weapon)
 u - a +0 long sword of holy wrath
 w - a +0 mace
 x - a +0 dagger of venom
Missiles
 d - 5 throwing nets (quivered)
Armour
 c - a +0 hat (worn)
 e - a +1 ring mail of fire resistance (worn)
 h - a +2 chain mail of cold resistance
 v - a +2 pair of gloves (worn)
Wands
 g - a wand of teleportation (4/9)
Scrolls
 k - a scroll of blinking
 l - 2 scrolls of identify
 o - a scroll of immolation
 p - 3 scrolls of remove curse
 t - a scroll of holy word
Potions
 i - 2 potions of magic
 r - 3 potions of cure mutation
 s - a potion of flight
Books
 m - a book of Minor Magic

   Spells                             Type                      Level
   a - Magic Dart                     Conjuration                  1
   b - Blink                          Translocation                2
   c - Call Imp                       Summoning                    2
   d - Repel Missiles                 Charms/Air                   2
   e - Slow                           Hexes                        2
   f - Conjure Flame                  Conjuration/Fire             3
   g - Mephitic Cloud                 Conjuration/Poison/Air       3
Comestibles
 f - a bread ration
 q - 30 royal jellies


   Skills:
 + Level 13.8 Fighting
 + Level 12.9(16.1) Maces & Flails
 + Level 16.2(17.7) Staves
 + Level 5.2 Throwing
 + Level 10.0 Armour
 + Level 12.9 Dodging
 + Level 9.2 Stealth
 + Level 3.3 Spellcasting
 + Level 2.4 Charms
 + Level 2.6 Air Magic
 + Level 3.4 Invocations


You had 14 spell levels left.
You knew the following spells:

 Your Spells              Type           Power        Failure   Level  Hunger
a - Repel Missiles        Chrm/Air       #.....       34%         2    ###....


Dungeon Overview and Level Annotations

Branches:
Dungeon (1/1)

Altars:
Cheibriados
Dithmenos
Elyvilon
Fedhas
Gozag
Hepliaklqana
Kikubaaqudgha
Makhleb
Nemelex Xobeh
Okawaru
Qazlal
Ru
Sif Muna
Trog
Uskayaw
Vehumet
Xom
Yredelemnul
Zin
The Shining One
Beogh
Jiyva
Lugonu

Shops:
D [

Annotations:
D Duvessa, Urug


Innate Abilities, Weirdness & Mutations

You reflexively headbutt those who attack you in melee.
You have a pair of horns on your head.
You have a beak for a mouth.
You are frail. (-10% HP)
You are resistant to hostile enchantments. (MR+)
Your system is resistant to poisons. (rPois)


Message History

You thump Duvessa!
Duvessa is severely wounded.
You thump Duvessa!
Duvessa is severely wounded.
You thump Duvessa! You peck Duvessa.
Duvessa is severely wounded.
Duvessa barely misses you. You furiously retaliate!
You headbutt Duvessa! You hit Duvessa. Your headbutt misses Duvessa.
You peck Duvessa.
Duvessa is almost dead.
You hit Duvessa but do no damage. Your peck misses Duvessa.
Duvessa is almost dead.
You hit Duvessa but do no damage.
Duvessa is almost dead.
Duvessa closely misses you.
You sock Duvessa! You peck Duvessa.
Duvessa is almost dead.
You closely miss Duvessa. You headbutt Duvessa, but do no damage.
Duvessa is almost dead.
Duvessa hits you with an uncursed great sword of freezing!
You die...

#'###########################
#....#)#.#)....#......'...≈≈#
##.#.)#)##.###.#......#...≈≈###
)##.#.#.##.#.)##.....)#...≈≈≈≈#
#.).#.)#..##).'.(.....#...≈≈≈≈#
▓▓▓▓▓▓▓▓▓▓▓▓▓▓#.......#.......#
........≈≈≈...#.......#.......#
≈≈≈≈≈≈≈≈≈≈♣♣P.'.......#.......#
♣♣♣♣♣♣♣♣♣♣♣♣PP#.@)....#########
♣♣♣##e###### ♣♣ ... .## #...#
#.# #...# (## ##### ...# #.o#
###


You could see Duvessa (berserk).

Vanquished Creatures
  Dowan (D)
  Erolcha (D)
  A lindwurm (D)
  An orc knight (D)
  2 deep elf magi (D)
  An orc sorcerer (D)
  An elephant (D)
  2 spiny frogs (D)
  A komodo dragon (D)
  A rime drake (D)
  A queen bee (D)
  2 tyrant leeches (D)
  5 blink frogs (D)
  5 redbacks (D)
  A shadow (D)
  A spatial vortex (D)
  2 hill giants (D)
  A swamp drake (D)
  3 wandering mushrooms (D)
  An orc warrior (D)
  A necrophage (D)
  3 two-headed ogres (D)
  A water elemental (D)
  A scorpion (D)
  30 killer bees (D)
  A wizard (D)
  A jelly (D)
  2 orc priests (D)
  3 orc wizards (D)
  A necromancer (D)
  A kobold demonologist (D)
  3 humans (D)
  2 oozes (D)
  9 orcs (D)
  2 rats (D)
95 creatures vanquished.

Vanquished Creatures (others)
  2 draconian scorchers (D)
  6 hellions (D)
  2 yaktaurs (D)
  An orc wizard (D)
  7 plants (D)
18 creatures vanquished.

Grand Total: 113 creatures vanquished

Notes
Turn   | Place    | Note
-------+----------+-------------------------------------------
     0 | D        | dvd the Minotaur Gladiator began the quest for the Orb.
     0 | D        | Reached XP level 1. HP: 18/18 MP: 0/0
    10 | D        | Reached skill level 4 in Staves
    14 | D        | Reached XP level 2. HP: 25/25 MP: 1/1
    48 | D        | Killed a yaktaur
    54 | D        | Killed a hellion
    56 | D        | Noticed a scorpion
    70 | D        | Reached skill level 5 in Staves
    70 | D        | Reached skill level 5 in Dodging
    70 | D        | Reached XP level 3. HP: 12/31 MP: 2/2
    73 | D        | Killed a scorpion
    73 | D        | Reached skill level 7 in Staves
    73 | D        | Reached XP level 4. HP: 16/40 MP: 3/3
   100 | D        | Killed a hellion
   124 | D        | Killed a hellion
   127 | D        | Killed a hellion
   134 | D        | Killed a hellion
   137 | D        | Killed a hellion
   143 | D        | Killed a white draconian scorcher
   276 | D        | Gained mutation: Your system is resistant to poisons. (rPois) [potion of mutation]
   276 | D        | Gained mutation: You are clumsy. (Dex -2) [potion of mutation]
   276 | D        | Gained mutation: You are frail. (-10% HP) [potion of mutation]
   277 | D        | Lost mutation: You are clumsy. (Dex -2) [potion of mutation]
   277 | D        | Gained mutation: Potions and wands are less effective at restoring your health. [potion of mutation]
   278 | D        | Lost mutation: Potions and wands are less effective at restoring your health. [potion of mutation]
   278 | D        | Gained mutation: You are resistant to hostile enchantments. (MR+) [potion of mutation]
   278 | D        | Gained mutation: You have a beak for a mouth. [potion of mutation]
   286 | D        | Noticed a water elemental
   294 | D        | Killed a water elemental
   294 | D        | Reached skill level 5 in Fighting
   294 | D        | Reached skill level 8 in Staves
   294 | D        | Reached skill level 1 in Armour
   294 | D        | Reached XP level 5. HP: 43/43 MP: 4/4
   298 | D        | Found a radiant altar of Vehumet.
   298 | D        | Found a deep blue altar of Sif Muna.
   298 | D        | Found an ancient bone altar of Kikubaaqudgha.
   301 | D        | Reached skill level 1 in Stealth
   303 | D        | Reached skill level 9 in Staves
   314 | D        | Learned a level 2 spell: Repel Missiles
   347 | D        | Killed a white draconian scorcher
   367 | D        | Found a glowing silver altar of Zin.
   367 | D        | Found a glowing golden altar of the Shining One.
   367 | D        | Found a white marble altar of Elyvilon.
   368 | D        | Noticed a deep elf mage
   382 | D        | Killed a deep elf mage
   382 | D        | Reached skill level 11 in Staves
   382 | D        | Reached skill level 5 in Throwing
   382 | D        | Reached XP level 6. HP: 48/54 MP: 2/6
   382 | D        | Reached XP level 7. HP: 53/59 MP: 2/7
   388 | D        | Found a hide-covered altar of Uskayaw.
   388 | D        | Found a roughly hewn altar of Beogh.
   388 | D        | Found an iron altar of Okawaru.
   388 | D        | Found a bloodstained altar of Trog.
   388 | D        | Noticed a human
   389 | D        | Noticed a human
   399 | D        | Killed a human
   399 | D        | Reached skill level 1 in Spellcasting
   400 | D        | Killed a human
   400 | D        | Reached skill level 12 in Staves
   400 | D        | Reached skill level 10 in Dodging
   421 | D        | Became a worshipper of Warmaster Okawaru
   515 | D        | Found a basalt altar of Yredelemnul.
   515 | D        | Found a shadowy altar of Dithmenos.
   515 | D        | Found a sacrificial altar of Ru.
   545 | D        | Noticed a shadow
   550 | D        | Killed a shadow
   550 | D        | Reached * piety under Okawaru
   550 | D        | Reached skill level 5 in Armour
   550 | D        | Reached skill level 5 in Stealth
   550 | D        | Reached XP level 8. HP: 65/67 MP: 7/9
   605 | D        | Found a blossoming altar of Fedhas.
   605 | D        | Found a stormy altar of Qazlal.
   605 | D        | Found a snail-covered altar of Cheibriados.
   605 | D        | Found a burning altar of Makhleb.
   605 | D        | Found a shimmering altar of Xom.
   606 | D        | Found a hazy altar of Hepliaklqana.
   606 | D        | Found an opulent altar of Gozag.
   606 | D        | Found a sparkling altar of Nemelex Xobeh.
   606 | D        | Found a corrupted altar of Lugonu.
   606 | D        | Found a viscous altar of Jiyva.
   670 | D        | Reached skill level 13 in Staves
   916 | D        | Noticed an orc sorcerer
   934 | D        | Noticed an orc knight
   935 | D        | Killed an orc sorcerer
   935 | D        | Reached ** piety under Okawaru
   935 | D        | Reached skill level 14 in Staves
   935 | D        | Reached skill level 1 in Air Magic
   935 | D        | Reached XP level 9. HP: 74/76 MP: 10/10
   939 | D        | Reached skill level 10 in Fighting
   966 | D        | HP: 5/114 [orc knight/great mace (10)]
   968 | D        | Killed an orc knight
   968 | D        | Reached skill level 1 in Charms
   976 | D        | Reached skill level 1 in Invocations
  1207 | D        | Killed a yaktaur
  1322 | D        | Found Idehuji's Armour Shop.
  1322 | D        | Found a roughly hewn altar of Beogh.
  1391 | D        | Noticed a deep elf knight
  1391 | D        | Noticed a deep elf mage
  1391 | D        | Noticed a deep elf knight
  1391 | D        | Noticed a deep elf mage
  1391 | D        | Noticed a deep elf mage
  1418 | D        | Noticed Erolcha
  1428 | D        | Paralysed by Erolcha for 3 turns
  1452 | D        | Reached skill level 15 in Staves
  1460 | D        | Killed Erolcha
  1460 | D        | Reached *** piety under Okawaru
  1460 | D        | Reached skill level 1 in Maces & Flails
  1885 | D        | Noticed a wandering mushroom
  1893 | D        | Noticed a wandering mushroom
  1895 | D        | Noticed a wandering mushroom
  1913 | D        | Reached XP level 10. HP: 75/87 MP: 12/12
  1981 | D        | Noticed a spiny frog
  1981 | D        | Noticed a spiny frog
  1986 | D        | Killed a spiny frog
  1986 | D        | Reached **** piety under Okawaru
  1986 | D        | Reached skill level 16 in Staves
  1995 | D        | Reached skill level 5 in Maces & Flails
  2001 | D        | Killed a spiny frog
  2593 | D        | Noticed an elephant
  2593 | D        | Noticed an elephant
  2594 | D        | Noticed a dire elephant
  2594 | D        | Noticed a dire elephant
  2625 | D        | Noticed a lindwurm
  2634 | D        | Killed a lindwurm
  2634 | D        | Reached skill level 10 in Maces & Flails
  2654 | D        | Noticed Urug
  2736 | D        | Killed a deep elf mage
  2736 | D        | Reached XP level 11. HP: 19/96 MP: 10/14
  3064 | D        | Reached ***** piety under Okawaru
  3490 | D        | Noticed Dowan
  3490 | D        | Noticed Duvessa
  3503 | D        | Killed Dowan
  3503 | D        | Received a gift from Okawaru
  3503 | D        | Reached skill level 10 in Armour
  3520 | D        | HP: 1/97 [Duvessa/uncursed great sword of freezing (7)]
  3528 | D        | Mangled by Duvessa

Skill      XL: |  1  2  3  4  5  6  7  8  9 10 11 |
---------------+----------------------------------+-----
Staves         | 4 5 7 8 11 12 14 15 16 | 16.2
Dodging        | 4 5 6 7 9 10 11 12 | 12.9
Fighting       | 3 4 5 7 8 9 11 13 | 13.8
Throwing       | 3 5 |  5.2
Armour         | 1 4 5 6 7 9 10 | 10.0
Stealth        | 3 5 6 8 9 |  9.2
Spellcasting   | 1 2 3 |  3.3
Air Magic      | 1 2 |  2.6
Charms         | 1 2 |  2.4
Invocations    | 1 2 3 |  3.4
Maces & Flails | 2 10 12 | 12.9

Action                   |  1- 3 |  4- 6 |  7- 9 | 10-12 || total
-------------------------+-------+-------+-------+-------++-------
Melee: Quarterstaff      |    22 |    15 |   100 |       ||   137
       Headbutt          |     3 |     2 |    28 |    56 ||    89
       Peck              |       |     3 |    37 |    66 ||   106
       Mace              |       |       |    42 |   288 ||   330
       Punch             |       |       |     1 |     5 ||     6
 Cast: Repel Missiles    |       |     1 |     1 |     2 ||     4
Invok: Heroism           |       |       |     3 |     7 ||    10
       Finesse           |       |       |       |     1 ||     1
  Use: Potion            |       |     4 |     5 |     2 ||    11
       Scroll            |       |       |     4 |       ||     4
 Stab: Sleeping          |       |     4 |     4 |     3 ||    11
       Invisible         |       |     1 |       |       ||     1
       Distracted        |       |       |     1 |     1 ||     2
  Eat: Chunk             |       |       |     4 |     6 ||    10
Armor: Leather armour    |     4 |       |     4 |       ||     8
       Ring mail         |       |       |     2 |    82 ||    84
Dodge: Dodged            |    15 |     4 |    59 |   207 ||   285
       Deflected         |       |       |     1 |     3 ||     4
